 Dungeon Crawl Stone Soup version 0.26.0-16-gc1dbca0489 (webtiles) character file.

Game seed: 7673550184549130762

105942 teolandon225 the Unseen (level 15, 0/63 HPs)
             Began as a Spriggan Enchanter on Jan 21, 2021.
             Was the Champion of Dithmenos.
             Killed from afar by a catoblepas (8 damage)
             ... with a blast of calcifying dust
             ... on level 15 of the Dungeon.
             The game lasted 01:44:52 (49486 turns).

teolandon225 the Unseen (Spriggan Enchanter)       Turns: 49486, Time: 01:44:53

Health: 0/63       AC:  7    Str:  4    XL:     15   Next: 96%
Magic:  19/21      EV: 32    Int: 18    God:    Dithmenos [******]
Gold:   943        SH: 15    Dex: 23    Spells: 7/19 levels left

rFire    + . .     SeeInvis +   W - +10 demon blade of the Mouth {vamp, +Rage}
rCold    + . .     Faith    .   y - +1 buckler of the Aged Mystics {rElec rPois Int-5}
rNeg     . . .     Spirit   .   N - +2 robe {rC+ rF+}
rPois    +         Reflect  +   c - +1 hat {Will+}
rElec    +         Harm     .   H - +1 cloak
rCorr    .         Rampage  .   (gloves unavailable)
Will     ++++.                  (boots unavailable) Stlth *****+++++
                                l - amulet of reflection
HPRegen  0.20/turn              C - +6 ring of dexterity
MPRegen  0.17/turn              Z - ring of Taboep {+Inv Will+ SInv}

@: wreathed by umbra, very quick
A: very small, unfitting armour, see invisible, speed 3
a: Renounce Religion, Evoke Berserk Rage, Evoke Invisibility, Shadow Step,
Shadow Form


You were on level 15 of the Dungeon.
You worshipped Dithmenos.
Dithmenos was exalted by your worship.
You visited 2 branches of the dungeon, and saw 21 of its levels.
You visited 1 bazaar.
You also visited: Trove and Gauntlet.

You collected 1455 gold pieces.
You spent 512 gold pieces at shops.

Inventory:

Hand Weapons
 a - a +6 vorpal dagger
 U - the +9 sword of Zonguldrok {reap}
   (You found it on level 14 of the Dungeon)

   If a monster killed with it leaves a corpse in good enough shape, the corpse
   is reanimated as a zombie friendly to the killer.
 W - the +10 demon blade of the Mouth (weapon) {vamp, +Rage}
   (You found it on level 5 of the Lair of Beasts)

   It inflicts no extra harm, but heals its wielder when it wounds a living foe.
   It lets you go berserk.
Armour
 b - the +4 skin of Zhor {Englaciate rC+++ SInv}
   (You found it in a treasure trove)

   It renders you almost immune to cold.
   It lets you see invisible.
 c - a +1 hat of willpower (worn)
 n - a +2 buckler of fire resistance
 y - the +1 buckler of the Aged Mystics (worn) {rElec rPois Int-5}
   (You found it in a treasure trove)

   It affects your intelligence (-5).
   It insulates you from electricity.
   It protects you from poison.
 D - the +3 buckler "Wyngayg" {Regen+ Dex+4}
   (You found it in a treasure trove)

   It affects your dexterity (+4).
   It increases your rate of regeneration.
 H - a +1 cloak (worn)
 N - a +2 robe of resistance (worn)
Jewellery
 f - an uncursed ring of resist corrosion
 h - an uncursed ring of poison resistance
 l - an amulet of reflection (around neck)
 o - a +4 ring of evasion
 C - a +6 ring of dexterity (left hand)
 E - an uncursed ring of flight
 J - an uncursed amulet of regeneration
 L - an uncursed ring of stealth
 T - an uncursed ring of wizardry
 X - an uncursed amulet of magic regeneration
 Z - the ring of Taboep (right hand) {+Inv Will+ SInv}
   (You found it on level 6 of the Lair of Beasts)

   [ring of willpower]

   It affects your willpower, your defense against some magical effects.
   It lets you see invisible.
   It lets you turn invisible.
Wands
 i - a wand of digging (7)
 q - a wand of random effects (92)
 r - a wand of paralysis (18)
 u - a wand of polymorph (11)
 x - a wand of acid (15)
 P - a wand of enslavement (19)
 Q - a wand of flame (22)
Scrolls
 d - 4 scrolls of teleportation
 e - a scroll of fear
 g - a scroll of immolation
 p - 15 scrolls of remove curse
 B - 4 scrolls of amnesia
 G - 5 scrolls of fog
 I - a scroll of blinking
 M - a scroll of summoning
 S - 2 scrolls of identify
 V - a scroll of vulnerability
 Y - 2 scrolls of enchant armour
Potions
 j - 4 potions of flight
 k - 2 potions of resistance
 m - 5 potions of brilliance
 s - 4 potions of haste
 t - 5 potions of curing
 v - 4 potions of attraction
 w - 8 potions of ambrosia
 z - 2 potions of berserk rage
 K - 4 potions of might
 O - a potion of cancellation
 R - 2 potions of lignification


   Skills:
 - Level 1.1(10.5) Short Blades
 * Level 12.5 Long Blades
 - Level 13.9 Dodging
 - Level 20.1 Stealth
 - Level 7.2 Shields
 - Level 2.6 Spellcasting
 - Level 16.2 Hexes
 - Level 7.9 Invocations


You had 7 spell levels left.
You knew the following spells:

 Your Spells              Type           Power        Failure   Level
a - Apportation           Tloc           4%           17%         1
e - Tukima's Dance        Hex            57%          1%          3
q - Ensorcelled Hibernat  Hex/Ice        62%          1%          2
r - Dazzling Flash        Conj/Hex       62%          1%          3
w - Confusing Touch       Hex            57%          1%          3

Your spell library contained the following spells:

 Spells                   Type           Power        Failure   Level
 Corona                   Hex            63%          1%          1
 Fulminant Prism          Conj/Hex       15%          6%          4
 Leda's Liquefaction      Hex/Erth       15%          6%          4
 Animate Skeleton         Necr           4%           17%         1
 Freeze                   Ice            8%           17%         1
 Magic Dart               Conj           8%           17%         1
 Summon Small Mammal      Summ           8%           17%         1
 Metabolic Englaciation   Hex/Ice        15%          17%         5
 Yara's Violent Unravell  Hex/Tmut       15%          17%         5
 Poisonous Vapours        Pois/Air       4%           26%         2
 Searing Ray              Conj           4%           26%         2
 Conjure Flame            Conj/Fire      2%           45%         3
 Frozen Ramparts          Ice            4%           45%         3
 Gell's Gravitas          Tloc           1%           45%         3
 Mephitic Cloud           Conj/Pois/Air  2%           45%         3
 Ozocubu's Armour         Ice            2%           45%         3
 Animate Dead             Necr           1%           86%         4
 Hailstorm                Conj/Ice       2%           86%         4
 Iskenderun's Mystic Bla  Conj/Tloc      2%           86%         4
 Petrify                  Tmut/Erth      2%           86%         4
 Summon Ice Beast         Ice/Summ       2%           86%         4
 Bolt of Magma            Conj/Fire/Erth 1%           99%         5
 Borgnjor's Vile Clutch   Necr/Erth      1%           99%         5
 Irradiate                Conj/Tmut      1%           99%         5
 Death Channel            Necr           1%           100%        6
 Freezing Cloud           Conj/Ice/Air   1%           100%        6
 Hydra Form               Tmut           1%           100%        6
 Iron Shot                Conj/Erth      1%           100%        6
 Simulacrum               Ice/Necr       1%           100%        6
 Statue Form              Tmut/Erth      1%           100%        6
 Dragon Form              Tmut           1%           100%        7
 Shatter                  Erth           1%           100%        9


Dungeon Overview and Level Annotations

Branches:
Dungeon (15/15)            Temple (0/1) D:5            Lair (6/6) D:9
  Swamp (0/4) Lair:4       Spider (0/4) Lair:3        Slime (0/5) Lair:5
    Orc (0/2) D:10         Vaults (0/5) D:13         Depths (0/5) D:15
Gauntlet (visited)

Altars:
Ashenzari
Cheibriados
Dithmenos
Elyvilon
Fedhas
Gozag
Makhleb
Nemelex Xobeh
Qazlal
Ru
Sif Muna
Trog
Vehumet
Yredelemnul
Zin
The Shining One
Beogh
Jiyva

Shops:
D:13 :!

Annotations:
D:3 3 runed translucent doors, SturgillTurtle's ghost, amateur HOFi; XxsatanxX's ghost, amateur TrWr; canine's ghost, amateur GnWn; dredge's ghost, amateur MiBe; kaeus's ghost, amateur DrTm
D:8 exclusion: statue
D:10 exclusion: door
D:13 exclusions: ice statue and obsidian statue
D:14 exclusion: 3 downstairs, Roxanne
D:15 Rupert
Lair:1 exclusion: downstairs
Lair:2 2 transporters, exclusions: downstairs and oklob plant, zcampers's ghost, journeyman MiBe


Innate Abilities, Weirdness & Mutations

You are very small and have problems with some larger weapons.
You are too small for most types of armour.
You have supernaturally acute eyesight. (SInv)
You cover ground extremely quickly.


Message History

* * * LOW HITPOINT WARNING * * *
You turn to flesh and can move again.
The catoblepas breathes a plume of calcifying dust at you.
The blast of calcifying dust hits you.
* * * LOW HITPOINT WARNING * * *
You are engulfed in calcifying dust.
You are slowing down.
You feel limber!
You feel magically purged.
You are engulfed in calcifying dust.
Casting: Ensorcelled Hibernation (safe; 1% risk of failure)
Confirm with . or Enter, or press ? or * to list all spells.
Aiming: Ensorcelled Hibernation (safe; 1% risk of failure)
Press: ? - help, Shift-Dir - straight line, f - catoblepas
Aim: a catoblepas (heavily wounded, umbra, chance to affect: 5%)
The catoblepas resists with almost no effort.
Your shadow mimicks your spell!
The catoblepas resists with almost no effort.
The catoblepas breathes a plume of calcifying dust at you.
The blast of calcifying dust hits you!
You die...

*****,** #.......#
*,,,,,* #...)(..#
,,,,*** #.......#
,,,,* #.......#
,,,,* #.......#
,,,,* #.......#
,,,,* #.......#
,,,,* #.......#
,,,,* #.....@§#
,,,,* #....§§.#
,,,,* #...§.§.#
,,,,* #...§§..#
,,,,**#####..Y§...#
,,,,,.........§...#
,,,**#####........#
,,,* #...#...$#
...# ###§§§.....#


There were no monsters in sight!

Vanquished Creatures
  A bone dragon (D:14)
  Frances (D:13)
  Kirke (D:13)
  The ghost of Adireryl the Fighter, a journeyman HOFi of Beogh (Lair:5)
  A minotaur (Gauntlet)
  Josephine (D:11)
  10 hydras
  Fannar (Lair:2)
  4 vault guards
  3 boulder beetles
  A death knight (D:13)
  5 centaur warriors (D:14)
  3 two-headed ogres
  3 tengu warriors (D:14)
  A skeletal warrior (D:12)
  2 unseen horrors (D:15)
  3 wizards
  A deep elf archer (D:15)
  A lindwurm (Lair:6)
  A deep elf mage (D:14)
  6 ugly things
  2 cyclopes
  8 black mambas
  20 elephants
  4 centaur zombies
  A torpor snail (Lair:3)
  17 centaur skeletons
  13 cane toads
  8 komodo dragons
  3 rime drakes
  An efreet (D:13)
  3 trolls
  A queen bee (Lair:3)
  A tengu conjurer (D:14)
  5 jumping spiders (Lair:3)
  A queen bee (shapeshifter) (D:15)
  2 polar bears (Lair:6)
  2 harpy skeletons (D:14)
  4 hornets
  15 slime creatures
  9 dream sheep
  27 blink frogs
  2 meliai zombies (D:14)
  3 redbacks (Lair:3)
  A shadow (D:14)
  3 hogs (D:13)
  13 spriggans
  13 wraiths
  7 wyverns
  81 yaks
  8 basilisks
  3 steam dragons
  4 vampire mosquitoes (Lair:4)
  An acid dragon (D:12)
  22 water moccasins
  5 sky beasts
  4 ice beasts
  7 orc warriors
  5 black bears
  2 phantoms
  2 ogres
  4 boggarts (Lair:6)
  35 wolves
  16 centaurs
  19 bullfrogs
  3 scorpions
  A water moccasin skeleton (D:10)
  39 killer bees
  7 wights
  5 howler monkeys
  14 hounds
  7 jellies
  2 bullfrog zombies (D:10)
  Crazy Yiuf (D:7)
  3 bullfrog skeletons
  11 orc priests
  12 orc wizards
  Jessica (D:2)
  13 worker ants
  Ijyb (D:5)
  3 iguanas
  A hound zombie (D:5)
  A worker ant zombie (D:10)
  4 gnolls
  A howler monkey skeleton (D:6)
  12 adders
  4 shadow imps
  3 white imps
  3 ufetubi
  2 worms
  4 dart slugs
  4 leopard geckos
  36 orcs
  6 bats
  2 giant cockroaches
  4 goblins
  6 hobgoblins
  5 jackals
  5 quokkas
  2 ball pythons
  8 frilled lizards
  6 kobolds
  A leopard gecko skeleton (D:6)
  2 quokka zombies (D:6)
  6 rats
709 creatures vanquished.

Vanquished Creatures (collateral kills)
  3 wights
3 creatures vanquished.

Vanquished Creatures (others)
  A dancing weapon (D:11)
  A tengu conjurer (D:15)
  2 bushes
  45 fungi
  64 plants
113 creatures vanquished.

Grand Total: 825 creatures vanquished

Notes
Turn   | Place    | Note
-------+----------+-------------------------------------------
     0 | D:1      | teolandon225 the Spriggan Enchanter began the quest for the
                  | Orb.
     0 | D:1      | Reached XP level 1. HP: 9/9 MP: 5/5
   447 | D:1      | Reached XP level 2. HP: 13/13 MP: 6/6
   459 | D:1      | Learned a level 2 spell: Ensorcelled Hibernation
   581 | D:1      | Reached skill level 5 in Stealth
  1154 | D:2      | Reached XP level 3. HP: 16/16 MP: 5/8
  1191 | D:2      | Learned a level 3 spell: Confusing Touch
  1549 | D:2      | Noticed Jessica
  1553 | D:2      | Killed Jessica
  1554 | D:2      | Reached XP level 4. HP: 21/21 MP: 9/9
  1554 | D:2      | Found a blossoming altar of Fedhas.
  1598 | D:2      | Found a white marble altar of Elyvilon.
  1606 | D:2      | Reached skill level 6 in Stealth
  1809 | D:2      | Found a basalt altar of Yredelemnul.
  1815 | D:2      | Found a burning altar of Makhleb.
  1816 | D:2      | Found a snail-covered altar of Cheibriados.
  1853 | D:2      | Found a shadowy altar of Dithmenos.
  1857 | D:2      | Found a sparkling altar of Nemelex Xobeh.
  1879 | D:2      | Became a worshipper of Dithmenos the Shadowed
  2087 | D:3      | Reached skill level 5 in Hexes
  2092 | D:3      | Found a runed translucent gate.
  2092 | D:3      | Found a runed translucent gate.
  2092 | D:3      | Found a runed translucent gate.
  2093 | D:3      | Noticed SturgillTurtle's ghost (amateur HOFi)
  2094 | D:3      | Noticed kaeus's ghost (amateur DrTm)
  2887 | D:3      | Reached XP level 5. HP: 22/24 MP: 3/10
  2956 | D:3      | Noticed dredge's ghost (amateur MiBe)
  2956 | D:3      | Noticed XxsatanxX's ghost (amateur TrWr)
  2957 | D:3      | Noticed canine's ghost (amateur GnWn)
  3439 | D:4      | Reached skill level 7 in Stealth
  3482 | D:4      | Noticed an ice beast
  3504 | D:4      | Killed an ice beast
  3505 | D:4      | Reached XP level 6. HP: 28/28 MP: 8/11
  3509 | D:4      | Learned a level 3 spell: Tukima's Dance
  3711 | D:4      | Reached skill level 5 in Dodging
  3780 | D:4      | Found a sacrificial altar of Ru.
  4156 | D:4      | Reached skill level 8 in Stealth
  4257 | D:4      | Found a blossoming altar of Fedhas.
  4731 | D:5      | Entered Level 5 of the Dungeon
  4895 | D:5      | Noticed an ice beast
  4908 | D:5      | Killed an ice beast
  4909 | D:5      | Reached XP level 7. HP: 32/32 MP: 8/12
  4969 | D:5      | Reached skill level 9 in Stealth
  5083 | D:5      | Reached * piety under Dithmenos
  5309 | D:5      | Noticed Ijyb
  5312 | D:5      | Killed Ijyb
  5399 | D:5      | Found a staircase to the Ecumenical Temple.
  5764 | D:5      | Reached skill level 10 in Stealth
  6144 | D:6      | Reached XP level 8. HP: 22/36 MP: 7/13
  6985 | D:6      | Reached skill level 11 in Stealth
  7118 | D:7      | Found an opulent altar of Gozag.
  7930 | D:7      | Reached skill level 12 in Stealth
  7930 | D:7      | Reached XP level 9. HP: 27/39 MP: 11/14
  8605 | D:7      | Reached ** piety under Dithmenos
  8606 | D:7      | Reached skill level 10 in Hexes
  8742 | D:7      | Found a runed translucent door.
  8743 | D:7      | Noticed Crazy Yiuf
  9038 | D:7      | Killed Crazy Yiuf
 10955 | D:8      | Found a radiant altar of Vehumet.
 10957 | D:8      | Reached skill level 13 in Stealth
 11150 | D:8      | Found a glowing silver altar of Zin.
 11336 | D:8      | Found a stormy altar of Qazlal.
 11704 | D:9      | Noticed a troll
 12073 | D:9      | Killed a troll
 12075 | D:9      | Reached *** piety under Dithmenos
 12230 | D:9      | Found a staircase to the Lair.
 12308 | D:9      | Found a stormy altar of Qazlal.
 12449 | D:9      | Found a glowing golden altar of the Shining One.
 12500 | D:9      | Found a bloodstained altar of Trog.
 12548 | D:9      | Reached skill level 14 in Stealth
 12610 | D:9      | Reached XP level 10. HP: 30/44 MP: 11/15
 13032 | D:9      | Learned a level 3 spell: Dazzling Flash
 13089 | D:9      | Found a stormy altar of Qazlal.
 13089 | D:9      | Found a staircase to the Lair.
 13134 | D:9      | Found a bloodstained altar of Trog.
 13209 | D:9      | Found a glowing golden altar of the Shining One.
 13522 | D:10     | Entered Level 10 of the Dungeon
 13786 | D:10     | Reached skill level 10 in Dodging
 14080 | D:10     | Reached skill level 15 in Stealth
 14731 | D:10     | Noticed a two-headed ogre
 14734 | D:10     | Killed a two-headed ogre
 14751 | D:10     | Found a staircase to the Orcish Mines.
 15407 | D:10     | Found a roughly hewn altar of Beogh.
 15422 | D:10     | Reached **** piety under Dithmenos
 16155 | D:10     | Found a staircase to the Orcish Mines.
 16161 | D:10     | Found a roughly hewn altar of Beogh.
 16524 | D:10     | Reached skill level 16 in Stealth
 16530 | D:10     | Reached XP level 11. HP: 45/47 MP: 6/16
 16648 | Lair:1   | Entered Level 1 of the Lair of Beasts
 17527 | Lair:1   | Reached skill level 17 in Stealth
 18894 | Lair:2   | Noticed a six-headed hydra
 18992 | Lair:2   | Noticed a four-headed hydra
 19661 | Lair:2   | Reached skill level 18 in Stealth
 19748 | Lair:2   | Noticed an oklob plant
 20130 | Lair:1   | Reached XP level 12. HP: 51/51 MP: 10/17
 21169 | Lair:1   | Killed a six-headed hydra
 21444 | Lair:2   | Noticed Fannar
 21588 | Lair:2   | Killed a four-headed hydra
 21636 | Lair:2   | Killed Fannar
 21637 | Lair:2   | Reached skill level 15 in Hexes
 21924 | Lair:2   | Identified the +10 trident "Pet Anah" {vorpal, MP+9}
 22516 | Lair:2   | Found a transporter.
 22535 | Lair:2   | Noticed zcampers's ghost (journeyman MiBe)
 22538 | Lair:2   | Found a bloodstained altar of Trog.
 22543 | Lair:2   | Found a transporter.
 22829 | Lair:3   | Reached skill level 19 in Stealth
 22944 | Lair:3   | Found a hole to the Spider Nest.
 23585 | Lair:2   | Reached ***** piety under Dithmenos
 25478 | Lair:3   | Reached skill level 20 in Stealth
 25507 | Lair:3   | Reached XP level 13. HP: 55/55 MP: 6/18
 26183 | Lair:3   | Reached skill level 1 in Shields
 26726 | Lair:3   | Found a runed translucent door.
 27884 | Lair:4   | Reached skill level 5 in Shields
 28155 | Lair:4   | Found a staircase to the Swamp.
 28637 | Lair:5   | Found a staircase to the Slime Pits.
 28637 | Lair:5   | Found a viscous altar of Jiyva.
 28905 | Lair:5   | Found a runed translucent gate.
 28905 | Lair:5   | Found a runed translucent gate.
 28905 | Lair:5   | Found a runed translucent gate.
 28908 | Lair:5   | Noticed Adireryl's ghost (journeyman HOFi)
 29867 | Lair:5   | Got a dazzling demon blade
 29950 | Lair:5   | Found a staircase to the Slime Pits.
 29950 | Lair:5   | Found a viscous altar of Jiyva.
 30007 | Lair:5   | Killed Adireryl's ghost
 30701 | Lair:6   | Entered Level 6 of the Lair of Beasts
 30889 | Lair:6   | Found a gate leading to a gauntlet.
 30907 | Gauntlet | Entered a Gauntlet
 30907 | Gauntlet | Found a large runed translucent door.
 30907 | Gauntlet | Found a large runed translucent door.
 30907 | Gauntlet | Found a large runed translucent door.
 30907 | Gauntlet | Found a large runed translucent door.
 30907 | Gauntlet | Found a large runed translucent door.
 30907 | Gauntlet | Found a large runed translucent door.
 30907 | Gauntlet | Found a large runed translucent door.
 30907 | Gauntlet | Found a large runed translucent door.
 30907 | Gauntlet | Found a runed translucent door.
 30907 | Gauntlet | Found a runed translucent gate.
 30907 | Gauntlet | Found a transporter.
 30907 | Gauntlet | Found a transporter.
 30907 | Gauntlet | Found a runed translucent gate.
 30907 | Gauntlet | Found a transporter.
 30907 | Gauntlet | Found a transporter.
 30971 | Gauntlet | Found a runed translucent door.
 30972 | Gauntlet | Found a large runed translucent door.
 30972 | Gauntlet | Found a large runed translucent door.
 30972 | Gauntlet | Found a large runed translucent door.
 30972 | Gauntlet | Found a large runed translucent door.
 30973 | Gauntlet | Found a large runed translucent door.
 30973 | Gauntlet | Found a large runed translucent door.
 30974 | Gauntlet | Found a large runed translucent door.
 30974 | Gauntlet | Found a large runed translucent door.
 30983 | Gauntlet | Found a runed translucent gate.
 30989 | Gauntlet | Found a transporter.
 31002 | Gauntlet | Found a transporter.
 31006 | Gauntlet | Found a transporter.
 31094 | Gauntlet | Found a transporter.
 31105 | Gauntlet | Found the +3 pair of gauntlets of War {Slay+5}
 31409 | Gauntlet | Found a transporter.
 31418 | Gauntlet | Found a transporter.
 31578 | Gauntlet | Found a transporter.
 31584 | Gauntlet | Reached skill level 5 in Invocations
 31586 | Gauntlet | Reached XP level 14. HP: 59/59 MP: 12/19
 33042 | Lair:5   | Reached ****** piety under Dithmenos
 33335 | Lair:5   | Identified the +10 demon blade of the Mouth {vamp, +Rage}
                  | (You found it on level 5 of the Lair of Beasts)
 33364 | Lair:5   | Reached skill level 1 in Long Blades
 35229 | Lair:5   | Found a staircase to the Slime Pits.
 35230 | Lair:5   | Found a viscous altar of Jiyva.
 36121 | Lair:6   | Found a shimmering blue altar of Sif Muna.
 36710 | Lair:5   | Reached skill level 5 in Long Blades
 37899 | Lair:6   | Got a faintly glowing wooden ring
 38545 | Lair:6   | Identified the ring of Taboep {+Inv Will+ SInv} (You found
                  | it on level 6 of the Lair of Beasts)
 40209 | D:11     | Noticed Josephine
 40255 | D:11     | Killed Josephine
 41611 | D:13     | Found Zouxy's Distillery.
 41618 | D:13     | Bought a potion of brilliance for 64 gold pieces
 41618 | D:13     | Bought a potion of brilliance for 64 gold pieces
 41618 | D:13     | Bought a potion of brilliance for 64 gold pieces
 41699 | D:13     | Reached XP level 15. HP: 63/63 MP: 17/21
 41825 | D:13     | Noticed Frances
 41827 | D:13     | Killed Frances
 41862 | D:13     | Found a portal to a secret trove of treasure.
 41981 | D:13     | You paid a toll of 4 scrolls of blinking to enter a
                  | treasure trove
 41982 | Trove    | Entered a treasure trove
 41985 | Trove    | Found the +4 skin of Zhor {Englaciate rC+++ SInv}
 42077 | Trove    | Got a smoking cloak
 42087 | Trove    | Identified the +2 cloak of Hurrynei {rN++ Str+5 Dex-5} (You
                  | found it in a treasure trove)
 42136 | Trove    | Got a bloodstained buckler
 42146 | Trove    | Identified the +3 buckler "Wyngayg" {Regen+ Dex+4} (You
                  | found it in a treasure trove)
 42168 | Trove    | Got a shimmering buckler
 42173 | Trove    | Identified the +1 buckler of the Aged Mystics {rElec rPois
                  | Int-5} (You found it in a treasure trove)
 42359 | D:13     | Found a broken altar of Ashenzari.
 42495 | D:13     | Found a gate to the Vaults.
 43078 | D:13     | Found Xolimaloi's Book Shop.
 43903 | D:13     | Reached skill level 10 in Long Blades
 43992 | D:13     | HP: 3/63 [mirror damage (60)]
 44681 | D:13     | Noticed Kirke
 44714 | D:13     | Noticed a sphinx
 44896 | D:13     | Killed Kirke
 47802 | D:14     | Noticed a bone dragon
 47803 | D:14     | Found the +9 sword of Zonguldrok {reap}
 47807 | D:14     | Killed a bone dragon
 47873 | D:14     | Identified Roxanne's Reference Book on Changing
 47873 | D:14     | Noticed Roxanne
 47994 | D:15     | Entered Level 15 of the Dungeon
 48127 | D:15     | Noticed Rupert
 48505 | D:15     | Found a flickering gateway to a bazaar.
 48514 | Bazaar   | Entered a bazaar
 48514 | Bazaar   | Found Zogairgh's Antique Weapon Shoppe.
 48978 | Bazaar   | Found Releicu's Armour Shoppe.
 48984 | Bazaar   | Found Zoig's Antique Weapon Emporium.
 48988 | Bazaar   | Found Xar Naadgh's Jewellery Emporium.
 48997 | Bazaar   | Found Zenun's Book Shoppe.
 49069 | Bazaar   | Bought a book of Cantrips for 320 gold pieces
 49071 | Bazaar   | Learned a level 1 spell: Apportation
 49104 | D:15     | HP: 3/63 [meliai/+0 war axe (3)]
 49486 | D:15     | Killed from afar by a catoblepas

Illustrated notes

Levels and vault maps discovered:
D:1:      evilmike_arrival_hilbert_curve, layout_basic
D:2:      layout_loops_ring, minmay_overflow_temple_star_hex,
          old_standard_altar, lemuel_altar_in_water, uniq_jessica
D:3:      layout_basic, gammafunk_ghost_cemetery,
          hangedman_decor_clover_reticule
D:4:      layout_loops_corners, hangedman_ru_absence,
          amcnicky_mini_corridor_feature, fedhas_bush_and_centaur_altar
D:5:      layout_loops_ring, minmay_temple_entry_trees, uniq_ijyb
D:6:      layout_rooms
D:7:      layout_loops_ring, grunt_gozag_statues, uniq_crazy_yiuf_cottage
D:8:      layout_basic, vehumet_statue, nicolae_qazlal_eye_of_the_storm,
          basic_altar
D:9:      layout_basic, bloody_trog, marbit_many_paths, erik_lair_island,
          david_defended_altar_elf
D:10:     layout_roguey, minmay_orc_entry_temple_small
D:11:     layout_loops_ring, uniq_josephine
D:12:     layout_roguey
D:13:     minmay_separated_statues, layout_loops_corners,
          lightli_vaults_fourway_checkpoint, trove_entry_hex_spiral,
          serial_shops, nicolae_shop_stone, kennysheep_little_box,
          nicolae_ashenzari_panopticon, uniq_kirke, uniq_frances
D:14:     layout_long_grid, minmay_guarded_unrand_zonguldrok, uniq_roxanne
D:15:     hangedman_depths_entry_civil_slaughter, layout_long_grid,
          chequers_serial_rivers_large_b, gammafunk_ghost_stat_death,
          serial_shops, bzr_entry_customers, uniq_rupert
Lair:1:   layout_gridlike, cheibrodos_lair_reptile_den, grunt_megastairs_1
Lair:2:   layout_concentric_octagons, gammafunk_ghost_wrathful_warriors,
          minmay_lair_oklob_chamber, grunt_megastairs_2, uniq_fannar
Lair:3:   regret_index_bee_streams, layout_gridlike,
          nicolae_spider_entry_tight_spaces, pf_torpor_hydra, grunt_megastairs_3
Lair:4:   layout_roguey, minmay_swamp_entry_swarm
Lair:5:   layout_layer_cave, slime_altar_1, gammafunk_ghost_hydra_chop,
          serial_bayou_shore_b
Lair:6:   minmay_lair_end_enchanted_forest, layout_misc_corridors,
          gauntlet_entry_generic, amcnicky_altar_gilded,
          infiniplex_staircase_pool_2, lemuel_fruit_fields

Skill      XL: |  1  2  3  4  5  6  7  8  9 10 11 12 13 14 15 |
---------------+----------------------------------------------+-----
Hexes          | 4 5 6 8 9 11 12 14 16 | 16.2
Stealth        | 5 6 7 8 10 12 14 16 18 20 | 20.1
Dodging        | 4 5 6 8 9 11 12 13 | 13.9
Shields        | 7 |  7.2
Invocations    | 5 7 |  7.9
Long Blades    | 8 12 | 12.5
Short Blades   | |  1.1
Spellcasting   | |  2.6

Action                   |  1- 3 |  4- 6 |  7- 9 | 10-12 | 13-15 || total
-------------------------+-------+-------+-------+-------+-------++-------
Melee: Dagger            |    84 |    78 |   243 |   299 |   821 ||  1525
       Demon blade       |       |       |       |       |    88 ||    88
       Double sword      |       |       |       |       |    18 ||    18
 Cast: Corona            |     7 |       |       |       |       ||     7
       Ensorcelled Hiber |    20 |    39 |   135 |   235 |   407 ||   836
       Confusing Touch   |       |     3 |    16 |     9 |    43 ||    71
       Dazzling Flash    |       |       |       |    27 |    53 ||    80
       Tukima's Dance    |       |       |       |     1 |     5 ||     6
Evoke: Wand              |       |       |       |       |     4 ||     4
  Use: Scroll            |       |    10 |     9 |     9 |    22 ||    50
       Potion            |       |       |       |     1 |    12 ||    13
 Stab: Sleeping          |    18 |    35 |    93 |   148 |   287 ||   581
       Confused          |       |     5 |    13 |     6 |    38 ||    62
       Invisible         |       |       |       |    17 |    43 ||    60
       Distracted        |       |       |       |     1 |     6 ||     7
Armor: Robe              |     8 |     4 |    11 |    14 |    41 ||    78
Dodge: Dodged            |    70 |    58 |   226 |   525 |  1116 ||  1995
Block: Other             |       |       |    33 |    92 |    13 ||   138
       Reflection        |       |       |     1 |       |    22 ||    23
       Buckler           |       |       |       |       |   765 ||   765
       Rpst.: Demon blade |       |       |       |       |    56 ||    56
       Double sword      |       |       |       |       |    12 ||    12
